[Event "Stare Mesto Open-A 2022"]
[Site "Stare Mesto"]
[Date "2022.08.20"]
[Round "9.7"]
[White "Husek, Martin"]
[Black "Lojek, Marek"]
[Result "1/2-1/2"]
[ECO "C65"]
[WhiteElo "2132"]
[BlackElo "2142"]
[Annotator "TA"]
[PlyCount "71"]
[EventDate "2022.08.12"]
[EventType "swiss"]
[EventCountry "CZE"]
[SourceTitle "playchess.com"]
[Source "ChessBase"]
[SourceQuality "1"]
[TimeControl "40/5400+30:1800+30"]

1. e4 e5 2. Nf3 Nc6 3. Bb5 Nf6 4. d3 Bc5 5. Nbd2 d5 {[%emt 0:08:31] [#]} (5... Nd4 $5 6. Bc4 (6. Nxd4 Bxd4 7. O-O O-O $11) 6... Nxf3+ 7. Nxf3 O-O $11) 6. Nxe5 $146 {[%emt 0:05:44] C65: Ruy Lopez: Berlin Defence (3...Nf6), unusual lines and 4 0-0 Bc5.} ({Predecessor:} 6. c3 Bd7 7. Bxc6 Bxc6 8. Nxe5 dxe4 9. Nxc6 bxc6 10. dxe4 Qd3 11. Qa4 Bxf2+ 12. Kxf2 Ng4+ {1-0 (24) Pavlov Erbis,A (792)-Mesina,D (1167) Playchess.com INT 2020}) 6... O-O $1 7. Nef3 dxe4 8. dxe4 Bg4 9. O-O Re8 10. h3 Bxf3 11. Qxf3 Nd4 12. Qd3 c6 13. Ba4 b5 14. Bb3 Qe7 15. Re1 Rad8 16. e5 a5 17. a4 Qa7 18. Qf1 $1 Nh5 19. Ne4 {[%emt 0:04:31] Inhibits Ng3.} Rxe5 (19... Nxb3 $11 {keeps the balance.} 20. cxb3 Bb4) 20. Nxc5 $16 Qxc5 {[%emt 0:08:18] [#]} 21. Be3 $1 Qb4 22. Bxd4 ({Better is} 22. Red1 $18) 22... Rxe1 (22... Qxd4 $16 {was worth a try.} 23. c3 (23. Rxe5 Qxe5 24. axb5 cxb5 $16) 23... Rxe1 24. Qxe1 (24. cxd4 Rxf1+ 25. Kxf1 bxa4 $14) (24. Rxe1 Qc5 $14) 24... Qa7) 23. Qxe1 $18 Qxd4 24. axb5 cxb5 25. Rxa5 Nf6 26. Qe7 Ne4 27. Qxf7+ Kh8 28. Rxb5 $2 ({White should play} 28. c3 $18 Qe5 {[#]} 29. Qd5 $3 Qxd5 30. Bxd5) 28... Qd1+ 29. Kh2 Qd6+ 30. Kg1 {[%emt 0:02:06] Hoping for Rd5.} Qd1+ 31. Kh2 {[%emt 0:00:05] Black must now prevent Rd5.} Qd6+ 32. f4 Rf8 {[%emt 0:01:13] [#]} 33. Rd5 $1 Qb8 34. Rb5 $1 {[%emt 0:00:21] White threatens Rb7 and mate.} Qd6 35. Rd5 Qb8 36. Rb5 $1 {[%emt 0:00:50] Black defended with fortune.  Weighted Error Value: White=0.30/Black=0.22 (precise)} 1/2-1/2

[Event "Stare Mesto Open-A 2022"]
[Site "Stare Mesto"]
[Date "2022.08.20"]
[Round "9.8"]
[White "Prazak, Daniel"]
[Black "Skalka, Jan"]
[Result "1-0"]
[ECO "B39"]
[WhiteElo "2113"]
[BlackElo "1909"]
[Annotator "TA"]
[PlyCount "45"]
[EventDate "2022.08.12"]
[EventType "swiss"]
[EventCountry "CZE"]
[SourceTitle "playchess.com"]
[Source "ChessBase"]
[SourceQuality "1"]
[TimeControl "40/5400+30:1800+30"]

1. e4 c5 2. Nf3 Nc6 3. d4 cxd4 4. Nxd4 g6 5. c4 Bg7 6. Be3 Nf6 7. Nc3 Ng4 8. Qxg4 Nxd4 9. Qd1 e5 10. Bd3 O-O 11. O-O d6 12. Qd2 a6 {[%emt 0:03:02] B39: Sicilian: Maroczy Bind with 5...Bg7 and 7...Ng4.} 13. Nd5 Be6 14. f4 {[%emt 0:15:17] [#]} exf4 $146 {[%emt 0:09:46] White has an edge.} ({Predecessor:} 14... f5 15. fxe5 dxe5 16. Bg5 Qd7 17. Nb6 Qc6 18. Nxa8 Rxa8 19. Rfe1 Qc5 {1-0 (33) Trouve,G (1677)-Beneteau Desmoulieres,M (1470) France 2011}) 15. Rxf4 Be5 (15... Nc6 $11) 16. Raf1 $16 Bxd5 17. exd5 Bxf4 18. Rxf4 Nf5 19. Bxf5 gxf5 20. Bd4 f6 21. Qd3 {[%emt 0:01:57] 0x0.001682bec6f6dp-1022s more active pieces.} ({Resist} 21. Rxf5 Qe7 $16) 21... Qe7 (21... Rc8 $16 {might work better.}) 22. Qxf5 $18 {[%emt 0:02:02] aiming for Qg4+.} Kg7 $2 {[%emt 0:01:38] [#]} (22... Rae8) 23. Qg5+ {[%emt 0:00:40][%mdl 64] Deflection.  Weighted Error Value: White=0.03 (flawless) /Black=0.34} 1-0